AoeStats
← AnderSlevin

Arena

509660919Analyzed
1v1 RM · 6d ago on Sep 27, 2026· 45m 55s· 2 players
Game mode
Random Map
Map size
Tiny (2 player)
Population
200
Speed
Normal
Resources
Standard
Victory
Conquest
Starting age
Dark Age
Ending age
Imperial Age
RankedLock teamsTeams togetherTeam positionsShared explorationLock speedFull tech treeHidden civsTurbo modeCheats
Victory
Defeat
🇪🇸 Burgundians · Spain
620
+21
🇩🇪 Mongols · Germany
581
-14
Зŋτə.
11:54 Feudal Age
13:39 Loom
16:20 Castle Age
14:30 Horse Collar
17:20 Double-Bit Axe
22:10 Wheelbarrow
21:57 Bow Saw
22:33 Heavy Plow
23:00 Stone Mining
24:50 Forging
27:59 Town Watch
28:57 Iron Casting
28:13 Fletching
28:24 Padded Archer Armor
28:30 Scale Barding Armor
30:50 Hand Cart
31:16 Thumb Ring
33:02 Ballistics
38:32 Imperial Age
36:20 Bloodlines
36:32 Husbandry
36:32 Bodkin Arrow
39:18 Bracer
38:47 Capped Ram
40:23 Gold Mining
41:09 Drill
41:53 Parthian Tactics
42:32 Chemistry
43:32 Gold Shaft Mining
42:32 Siege Ram
43:58 Town Patrol
44:22 Onager
AnderSlevin
0:29 Loom
11:44 Feudal Age
12:59 Double-Bit Axe
13:52 Bow Saw
14:09 Horse Collar
21:02 Castle Age
19:57 Fletching
20:10 Heavy Plow
20:06 Gold Mining
23:09 Two-Man Saw
22:43 Bodkin Arrow
22:40 Town Watch
23:31 Wheelbarrow
24:04 Fortified Wall
24:57 Ballistics
25:20 Town Patrol
26:04 Hand Cart
27:15 Gold Shaft Mining
27:30 Masonry
30:30 Murder Holes
31:05 Treadmill Crane
32:11 Forging
32:02 Scale Mail Armor
32:07 Padded Archer Armor
32:17 Forging
34:00 Leather Archer Armor
36:45 Imperial Age
35:32 Crop Rotation
35:50 Scale Barding Armor
36:22 Iron Casting
35:13 Elite Skirmisher
37:11 Burgundian Vineyards
37:57 Bracer
38:55 Conscription
39:12 Hoardings
38:05 Capped Ram
40:50 Chemistry
40:22 Architecture
39:40 Arrowslits
39:24 Pikeman
40:05 Squires
41:05 Scale Mail Armor
43:21 Chain Barding Armor
43:18 Chain Mail Armor
43:54 Halberdier
Connection lost

Rejoining the realm…

Still unreachable

The connection could not be restored.

Session expired

The server has moved on; the page needs a fresh start.